 Dungeon Crawl Stone Soup version 0.28.0-53-g5a82cb258f (webtiles) character file.

Game seed: 9381001390307707450

88 Peloso the Covered (level 4, -6/40 HPs)
             Began as a Minotaur Fighter on July 16, 2022.
             Mangled by Terence
             ... wielding a +0 flail
              (10 damage)
             ... on level 3 of the Dungeon.
             The game lasted 00:03:02 (1758 turns).

Peloso the Covered (Minotaur Fighter)               Turns: 1758, Time: 00:03:04

Health: -6/40      AC:  7    Str: 19 (20) XL:     4   Next: 29%
Magic:  3/3        EV:  9    Int:  4 (5)  God:
Gold:   67         SH:  4    Dex: 11 (12) Spells: 3/3 levels left

rFire   . . .      SeeInvis .   a - +1 long sword
rCold   . . .      Faith    .   c - +0 buckler
rNeg    . . .      Spirit   .   b - +0 scale mail
rPois   .          Reflect  .   (helmet restricted)
rElec   .          Harm     .   (no cloak)
rCorr   .          Rampage  .   (no gloves)
Will    .....                   (no boots)
Stlth   ..........              (no amulet)
HPRegen 0.13/turn               (no ring)
MPRegen 0.08/turn               (no ring)

@: no status effects
A: horns 2, retaliatory headbutt
a: no special abilities


You were on level 3 of the Dungeon.
You visited 1 branch of the dungeon, and saw 3 of its levels.

You collected 67 gold pieces.

Inventory:

Hand Weapons
 a - a +1 long sword (weapon)
Armour
 b - a +0 scale mail (worn)
 c - a +0 buckler (worn)
Scrolls
 f - a scroll of silence {unknown}
 h - a scroll of enchant weapon
Potions
 d - a potion of might
 e - a potion of brilliance {unknown}
 g - a potion of curing
 i - a potion of cancellation {unknown}


   Skills:
 + Level 3.9 Fighting
 + Level 4.0 Long Blades
 + Level 4.6 Armour
 + Level 0.3 Dodging
 + Level 4.1 Shields


You had 3 spell levels left.
You didn't know any spells.
Your spell library was empty.

Dungeon Overview and Level Annotations

Branches:
Dungeon (3/15)

Altars:

Shops:
D:1 ?

Portals:
Sewer: D:3

Annotations:
D:3 Terence


Innate Abilities, Weirdness & Mutations

You have a pair of horns on your head.
You reflexively headbutt those who attack you in melee.


Message History

You miss the bat. The bat hits you. The bat hits you but does no damage.
You hit the bat.
You kill the bat!
The river rat bites you.
You barely miss the river rat.
Terence zaps a wand.
The puff of flame hits you! You block the river rat's attack.
You closely miss the river rat. The river rat closely misses you.
You hit the river rat but do no damage. You headbutt the river rat.
The river rat is lightly wounded.
The river rat bites you.
You closely miss the river rat.
The river rat is lightly wounded.
The river rat bites you but does no damage.
Terence barely misses you. The river rat barely misses you.
You closely miss the river rat.
The river rat is lightly wounded.
Terence hits you but does no damage. The river rat bites you!
Terence zaps a wand.
The puff of flame hits you but does no damage.
You closely miss the river rat.
The river rat is lightly wounded.
The river rat barely misses you. Terence misses you.
Unknown command.
You barely miss Terence. The river rat bites you.
* * * LOW HITPOINT WARNING * * *
Terence zaps a wand.
You block the puff of flame.
You slash Terence!
Terence is severely wounded.
The river rat bites you but does no damage.
Terence hits you with a +0 flail.
* * * LOW HITPOINT WARNING * * *
The river rat barely misses you.
You completely miss Terence.
Terence is severely wounded.
Terence zaps a wand.
The puff of flame hits you.
* * * LOW HITPOINT WARNING * * *
The river rat bites you.
* * * LOW HITPOINT WARNING * * *
Terence hits you with a +0 flail!
You die...

#..... #....#
#....# #
###....###.#
#..........#
+..........#
###+....<.....#
#.............#
#...@r.$.......#
+...@##≈≈.≈≈##..
#...≈##≈≈.≈≈# #
#....≈≈≈....≈≈
...#..≈≈.....≈≈≈
#....#..≈≈..∩..≈≈.
#... ##.≈≈.....≈≈.
#... #.≈≈.....≈≈
#.. ..##≈≈≈≈


You could see Terence and a river rat.

Vanquished Creatures
  4 gnolls (D:2)
  A dart slug (D:1)
  4 bats
  8 endoplasms
  A giant cockroach (D:2)
  3 goblins
  5 hobgoblins
  2 kobolds (D:2)
  3 quokkas
  6 ball pythons
  A frilled lizard (D:2)
  4 rats
42 creatures vanquished.

Notes
Turn   | Place    | Note
-------+----------+-------------------------------------------
     0 | D:1      | Peloso the Minotaur Fighter began the quest for the Orb.
     0 | D:1      | Reached XP level 1. HP: 19/19 MP: 0/0
   117 | D:1      | Found Idearrib's Magic Scroll Boutique.
   248 | D:1      | Reached XP level 2. HP: 27/27 MP: 1/1
   774 | D:2      | Found a faded altar of an unknown god.
   902 | D:2      | Reached XP level 3. HP: 29/33 MP: 2/2
  1380 | D:2      | Reached XP level 4. HP: 26/40 MP: 3/3
  1740 | D:3      | Found a glowing drain.
  1746 | D:3      | Noticed Terence
  1758 | D:3      | Mangled by Terence

Illustrated notes

Levels and vault maps discovered:
D:1:      matt_arrival_spirals, layout_rooms, serial_shops, shop_fountains,
          minmay_crystal_water
D:2:      layout_basic, dreamdust_ecumenical_altar_grove
D:3:      layout_basic, beargit_hepliaklqana_dungeon_heroes,
          cheibrodos_sewer_entry_sluice, serial_shops, shop,
          ebering_ghost_rock_garden, uniq_terence, uniq_robin

Skill      XL: |  1  2  3  4 |
---------------+-------------+-----
Armour         | 4 |  4.6
Long Blades    | 3 4 |  4.0
Shields        | 4 |  4.1
Fighting       | |  3.9
Dodging        | |  0.3

Action                   |  1- 3 |  4- 6 || total
-------------------------+-------+-------++-------
Melee: Long sword        |    78 |    23 ||   101
       Headbutt          |    14 |     5 ||    19
  Use: Scroll            |     3 |     1 ||     4
       Potion            |     2 |     1 ||     3
Armor: Scale mail        |    33 |    14 ||    47
Dodge: Dodged            |    34 |    17 ||    51
Block: Buckler           |    13 |     3 ||    16
